 Dungeon Crawl Stone Soup version 0.25.1-2-g60ff931df9 (webtiles) character file.

Game seed: 5819926049482518277

91 DildoBatman the Conjurer (level 4, -2/30 HPs)
             Began as a Formicid Wizard on Oct 5, 2020.
             Killed from afar by an orc wizard (5 damage)
             ... with a magic dart
             ... on level 3 of the Dungeon.
             The game lasted 00:08:01 (3154 turns).

DildoBatman the Conjurer (Formicid Wizard)          Turns: 3154, Time: 00:08:02

Health: -2/30      AC:  7    Str: 11    XL:     4   Next: 87%
Magic:  0/8        EV: 15    Int: 25    God:
Gold:   146        SH:  0    Dex:  9    Spells: 2/9 levels left

rFire    . . .     SeeInvis +   a - +0 hunting sling
rCold    . . .     Gourm    .   (no shield)
rNeg     . . .     Faith    .   r - +3 leather armour
rPois    .         Spirit   .   (helmet unavailable)
rElec    .         Reflect  .   (no cloak)
rCorr    .         Harm     .   p - +0 pair of gloves
MR       .....                  (no boots)
Stlth    ++........             (no amulet)
HPRegen  0.10/turn              n - +6 ring of intelligence
MPRegen  0.11/turn              i - +4 ring of evasion

@: very slightly contaminated
A: permanent stasis, dig shafts and tunnels, four strong arms, antennae 3
a: Dig, Shaft Self


You were on level 3 of the Dungeon.
You were not hungry.

You visited 1 branch of the dungeon, and saw 4 of its levels.

You collected 146 gold pieces.

Inventory:

Hand Weapons
 a - a +0 hunting sling (weapon)
 f - a +0 dagger
 k - a +0 short sword
Missiles
 b - 54 arrows
 c - 15 poisoned darts
 d - 118 stones (quivered)
 g - 47 sling bullets
 o - 23 bolts
Armour
 p - a +0 pair of gloves (worn)
 r - a +3 leather armour (worn)
Jewellery
 i - a +4 ring of evasion (right hand)
 n - a +6 ring of intelligence (left hand)
Scrolls
 e - 2 scrolls of identify {unknown}
 j - 2 scrolls of teleportation {unknown}
 l - a scroll of remove curse {unknown}
Potions
 h - 2 potions of curing
 m - 3 potions of flight {unknown}
 q - a potion of degeneration {unknown}
 s - a potion of haste {unknown}
Comestibles
 t - 5 chunks of flesh
 v - 6 rations


   Skills:
 - Level 1.7 Dodging
 - Level 2.4 Stealth
 - Level 3.2 Spellcasting
 * Level 3.7 Conjurations
   Level 1.0 Summonings
   Level 0.8 Translocations
 * Level 0.3 Fire Magic
 * Level 0.2 Air Magic


You had 2 spell levels left.
You knew the following spells:

 Your Spells              Type           Power        Failure   Level  Hunger
a - Conjure Flame         Conj/Fire      ##......     17%         3    ###....
c - Magic Dart            Conj           ###.         2%          1    None
e - Mephitic Cloud        Conj/Pois/Air  ##......     22%         3    ###....

Your spell library contained the following spells:

 Spells                   Type           Power        Failure   Level  Hunger
 Call Imp                 Summ           #.......     13%         2    #......
 Slow                     Hex            #.......     21%         2    #......
 Blink                    Tloc           Unusable     N/A         2    N/A

Dungeon Overview and Level Annotations

Branches:
Dungeon (4/15)
 Temple: D:4-7

Altars:
Okawaru
Uskayaw
Vehumet
Wu Jian
Zin
The Shining One

Annotations:
D:2 Robin
D:3 1 exclusion


Innate Abilities, Weirdness & Mutations

You cannot be hasted, slowed, berserked, paralysed or teleported.
You can dig through walls and to a lower floor.
Your four strong arms can wield two-handed weapons with a shield.
You have a pair of large antennae on your head. (SInv)


Message History

Confirm with . or Enter, or press ? or * to list all spells.
Aiming: Magic Dart (safe; 2% risk of failure)
Press: ? - help, Shift-Dir - straight line, f/p - orc wizard
Aim: an orc wizard, wielding a -1 dagger and wearing a +0 robe (severely wounded)
The magic dart hits the orc wizard.
The orc wizard is severely wounded.
The orc wizard begins to cast a cantrip, but forgets the words!
The orc wizard points at you and mumbles some strange words.
The puff of flame hits you.
You see here an adder skeleton.
Casting: Magic Dart (safe; 2% risk of failure)
Confirm with . or Enter, or press ? or * to list all spells.
Aiming: Magic Dart (safe; 2% risk of failure)
Press: ? - help, Shift-Dir - straight line, f/p - orc wizard
Aim: an orc wizard, wielding a -1 dagger and wearing a +0 robe (severely wounded)
The magic dart hits the orc wizard.
The orc wizard is almost dead.
The orc wizard gestures at you while chanting.
The magic dart hits you.
You die...

##.#............#.## ##..
#.#...............######.
#.#####........#...##....
#.# #..##..............
#.#####..##.#..#.........
#...........##...........
#..............#.##......
#..........#.#....♣#♣.^..
#(....o>@..#.#...#####.).
##.###.)[###.#.....#.....
#>........#...#...#...#.
#.......=.###♣#.._#_..#♣
###.........# ##########
#...........###♣#.._#_..#♣
#.#.............#...#..)#.
##.#.................#.....
#..#.........)##...#####...


You could see an orc wizard.

Vanquished Creatures
  2 adders
  A leopard gecko (D:1)
  6 orcs (D:3)
  6 bats
  3 giant cockroaches
  12 goblins
  11 hobgoblins
  7 kobolds
  A ball python (D:2)
  6 frilled lizards
  7 rats
62 creatures vanquished.

Notes
Turn   | Place    | Note
-------+----------+-------------------------------------------
     0 | D:1      | DildoBatman the Formicid Wizard began the quest for the
                  | Orb.
     0 | D:1      | Reached XP level 1. HP: 13/13 MP: 4/4
    43 | D:1      | Reached skill level 1 in Conjurations
   257 | D:1      | Reached XP level 2. HP: 19/19 MP: 0/6
   649 | D:1      | Reached XP level 3. HP: 23/24 MP: 0/7
  1435 | D:2      | Found a glowing silver altar of Zin.
  2195 | D:3      | Found a glowing golden altar of the Shining One.
  2197 | D:3      | Reached XP level 4. HP: 30/30 MP: 6/8
  2217 | D:2      | Learned a level 3 spell: Conjure Flame
  2221 | D:2      | Learned a level 3 spell: Mephitic Cloud
  2344 | D:3      | Noticed Robin
  2513 | D:3      | Found a hide-covered altar of Uskayaw.
  2514 | D:3      | Found an iron altar of Okawaru.
  2522 | D:3      | Found a radiant altar of Vehumet.
  2581 | D:3      | Found an ornate altar of the Wu Jian Council.
  3154 | D:3      | Killed from afar by an orc wizard

Illustrated notes

Levels and vault maps discovered:
D:1:      psy_arrival_conway, layout_loops_ring
D:2:      layout_basic, zin_academy, first_ration
D:3:      layout_rooms, nicolae_overflow_quartered_altars,
          nicolae_overflow_hidden_temple, minivault_24, uniq_robin
D:4:      layout_rooms, marbit_many_paths, bh_walls_and_bars

Skill      XL: |  1  2  3 |
---------------+----------+-----
Conjurations   | 1 2 3 |  3.7
Dodging        | |  1.7
Stealth        | |  2.4
Spellcasting   | |  3.2
Summonings     | |  1.0
Translocations | |  0.8
Fire Magic     | |  0.3
Air Magic      | |  0.2

Action                   |  1- 3 |  4- 6 || total
-------------------------+-------+-------++-------
Melee: Dagger            |     3 |       ||     3
       Short sword       |       |     1 ||     1
 Fire: Hunting sling     |       |    67 ||    67
 Cast: Magic Dart        |    80 |    35 ||   115
       Mephitic Cloud    |       |     2 ||     2
 Abil: Dig               |       |     3 ||     3
  Eat: Chunk             |     4 |     3 ||     7
Armor: Robe              |     5 |     4 ||     9
       Leather armour    |       |     4 ||     4
Dodge: Dodged            |     8 |    37 ||    45
